 Dungeon Crawl Stone Soup version 0.16.1-30-g34a7ffa (webtiles) character file.

252651 Shaaah the Shatterer (level 20, 0/194 HPs)
             Began as a Hill Orc Fighter on June 9, 2015.
             Was a High Priest of Makhleb.
             Killed by vampiric draining
             ... invoked by a ghostly deep elf death mage
              (10 damage)
             ... on level 3 of the Elven Halls on June 13, 2015.
             The game lasted 09:08:14 (47758 turns).

Shaaah the Shatterer (Hill Orc Fighter)            Turns: 47758, Time: 09:08:15

Health: 0/194      AC: 35    Str: 26    XL:     20   Next: 13%
Magic:  33/33      EV:  8    Int: 10    God:    Makhleb [*****.]
Gold:   3998       SH:  5    Dex: 10    Spells: 0 memorised, 19 levels left

rFire  . . .     SeeInvis +     (no weapon)
rCold  + . .     Clarity  .     v - +2 plate armour {MR+}
rNeg   . . .     SustAb   .     D - +1 buckler {AC+3}
rPois  +         Gourm    .     o - +1 helmet
rElec  .         Spirit   .     O - +1 cloak
rCorr  .         Warding  .     T - +3 pair of gauntlets of War {Slay+5}
rMut   .         Stasis   .     J - +2 pair of boots {rC+}
MR     ++...                    A - amulet of rage
Stlth  ..........               w - ring "Nolaqoby" {rPois Int+2 SInv}
                                h - ring of flight

@: lethally poisoned (0 -> -1), exhausted, about to teleport, slowed, studying
Earth Magic, drained, very slow, very resistant to hostile enchantments,
extremely unstealthy
A: weak 1, placid magic 1
a: Minor Destruction, Lesser Servant of Makhleb, Major Destruction, Greater
Servant of Makhleb, Renounce Religion, Evoke Berserk Rage, Evoke Flight
}: 1/15 runes: gossamer


You were on level 3 of the Elven Halls.
You worshipped Makhleb.
Makhleb was extremely pleased with you.
You were very hungry.

You visited 7 branches of the dungeon, and saw 40 of its levels.
You visited the Abyss 1 time.
You also visited: Sewer and Ice Cave.

You collected 5270 gold pieces.
You spent 1272 gold pieces at shops.

Inventory:

Hand weapons
 a - the +11 morningstar "Eos" {elec, -Tele rElec SInv}
   (You found it in an ice cave)

   Occasionally, upon striking a foe, it will discharge some electrical energy
   and cause terrible harm.
   It insulates you from electricity.
   It enhances your eyesight.
   It prevents most forms of teleportation.
 e - a +6 eveningstar of freezing
 f - the +8 great mace of Mourning {holy, MP+9}
   (You took it off a deep elf mage on level 3 of the Elven Halls)

   It has been blessed by the Shining One to cause great damage to the undead
   and demons.
   It affects your magic capacity (+9).
 l - the +8 Wrath of Trog {antimagic, *Rage}
   (You took it off a deep elf demonologist on level 3 of the Elven Halls)

   It disrupts the flow of magical energy around spellcasters and certain
   magical creatures (including the wielder).
   It may make you go berserk in combat.
 r - a +5 mace of holy wrath
 z - the +5 shortbow "Thuizuv" {flame, +Blink rF- MR++}
   (You found it on level 11 of the Dungeon)

   It causes projectiles fired from it to burn those they strike, causing extra
   injury to most foes and up to half again as much damage against particularly
   susceptible opponents.
   It makes you vulnerable to fire.
   It affects your resistance to hostile enchantments.
   It lets you blink.
 W - a +2 broad axe of flaming
Missiles
 X - 77 arrows of frost
Armour
 n - a +2 ring mail of positive energy
 o - a +1 helmet (worn)
 v - a +2 plate armour of magic resistance (worn)
 D - a +1 buckler of protection (worn)
 J - a +2 pair of boots of cold resistance (worn)
 K - a +1 plate armour of fire resistance
 O - a +1 cloak (worn)
 R - a +3 plate armour of cold resistance
 T - the +3 pair of gauntlets of War (worn) {Slay+5}
   (You found it on level 7 of the Dungeon)

   It affects your accuracy and damage with ranged weapons and melee attacks
   (+5).
Jewellery
 h - a ring of flight (left hand)
 w - the ring "Nolaqoby" (right hand) {rPois Int+2 SInv}
   (You found it on level 4 of the Lair of Beasts)

   [ring of intelligence]

   It affects your intelligence (+2).
   It protects you from poison.
   It enhances your eyesight.
 A - an amulet of rage (around neck)
 B - an uncursed amulet of resist corrosion
 C - an uncursed ring of protection from cold
Magical devices
 c - a wand of confusion (23)
 m - a wand of paralysis (10)
 F - a wand of fire (4)
 L - a wand of lightning (7)
 U - a wand of disintegration (13)
Scrolls
 x - 5 scrolls of blinking
 y - 4 scrolls of remove curse
 H - 5 scrolls of recharging
 M - 7 scrolls of magic mapping
 Q - 2 scrolls of identify
 Y - 7 scrolls of teleportation
Potions
 b - a potion of lignification
 i - 4 potions of resistance
 E - a potion of invisibility
 G - 2 potions of restore abilities
 N - 5 potions of curing
 P - 4 potions of haste
 S - 11 potions of heal wounds
 V - 6 potions of might
Books
 q - a manual of Earth Magic
Miscellaneous
 j - a lantern of shadows
 p - a stone of tremors
 u - a phantom mirror
 I - a sack of spiders
 Z - a lamp of fire
Comestibles
 d - 24 meat rations
 k - 27 fruits
 s - a bread ration
 t - a slice of pizza


   Skills:
 - Level 20.3(19.0) Fighting
 + Level 21.7(20.3) Maces & Flails
 + Level 8.3(7.3) Bows
 * Level 16.5(15.3) Armour
 * Level 5.3(4.3) Shields
 - Level 10.0(8.9) Invocations
 * Level 11.9(10.7) Evocations


You had 19 spell levels left.
You didn't know any spells.

Dungeon Overview and Level Annotations

Branches:
Dungeon (15/15)            Temple (1/1) D:6            Lair (8/8) D:11
 Shoals (4/5) Lair:5       Spider (5/5) Lair:4        Slime (0/6) Lair:6
    Orc (4/4) D:10            Elf (3/3) Orc:4        Vaults (0/5) D:13
 Depths (0/5) D:15

Altars:
Ashenzari
Cheibriados
Dithmenos
Elyvilon
Fedhas
Gozag
Kikubaaqudgha
Makhleb
Nemelex Xobeh
Okawaru
Qazlal
Ru
Sif Muna
Trog
Vehumet
Xom
Yredelemnul
Zin
The Shining One
Beogh
Jiyva

Shops:
D:4 ?   D:8 [   Orc:4 ![*:   Elf:2 !   Shoals:1 *(!((

Portals:
Pandemonium: Orc:4

Annotations:
D:1 1 runed door
D:10 exclusion: ice statue


Innate Abilities, Weirdness & Mutations

You are weak. (Str -2)
Your spells are a little easier to cast, but a little less powerful.


Message History

You are exhausted.
You feel yourself slow down.
You are feeling very hungry.
The deep elf blademaster hits you but does no damage. x2
The deep elf annihilator hits you but does no damage.
The ghostly deep elf death mage is infused with unholy energy.
* * * LOW HITPOINT WARNING * * *
The ghostly deep elf death mage draws life force from you and is healed!
Read which item? (? for menu, Esc to quit)
As you read the scroll of teleportation, it crumbles to dust.
You feel strangely unstable.
You feel sick.
The lost soul fades away!
The deep elf blademaster hits you but does no damage.
The deep elf blademaster barely misses you.
The deep elf death mage points at you and mumbles some strange words.
The bolt of negative energy hits you!
You feel drained.
* * * LOW HITPOINT WARNING * * *
The deep elf blademaster hits you but does no damage.
You block the deep elf blademaster's attack.
The ghostly deep elf death mage is infused with unholy energy.
You die...

# ######.##*****,,,,* #
#...≈≈.≈≈.e.#****,#####
###...≈≈.§≈.e.#****,#...##
#.....≈§.≈≈e...§,,,,#....##
#.#...§≈.≈≈...###,,,#.....#
#[######.######(##,,#.....#
..............*..##,#.....#
................ee#.#....###
........⌠.......@e'.#......#
........[.......e.#.##.###.#
.................##,*#.###.#
##............*###***#.2.#.#
####.......#### ###.#.#
######################..#.#
##...####.........#.##...#.#
))......'.........'........###
##.....##.........####.......#


You could see a deep elf blademaster, a deep elf annihilator, a deep elf death
mage, a ghostly deep elf death mage and 2 lost souls.

Vanquished Creatures
  Norris (Spider:5)
  A deep elf master archer (Elf:3)
  A deep elf blademaster (Elf:3)
  Polyphemus (Shoals:3)
  Rupert (Lair:6)
  Agnes (Spider:4)
  Roxanne (Elf:3)
  An orc warlord (Orc:2)
  3 deep elf sorcerers (Elf:3)
  4 ghost moths
  4 emperor scorpions (Spider:5)
  A balrug (Elf:1)
  The ghost of Miyamura the Spear-Bearer, a powerful MfIE of Okawaru (Orc:1)
  8 deep elf demonologists (Elf:3)
  Azrael (Spider:4)
  A deep elf annihilator (Elf:3)
  A blizzard demon (Lair:8)
  Snorg (Lair:6)
  A merfolk javelineer (Shoals:4)
  A deep elf death mage (Elf:3)
  6 merfolk impalers
  A deep elf high priest (Elf:3)
  Fannar (D:11)
  2 catoblepae
  7 hydras
  Erica (Lair:2)
  4 centaur warriors
  2 ogre magi
  A deep troll shaman (Lair:8)
  A tengu warrior (D:15)
  13 dancing weapons
  4 orc high priests
  20 death yaks
  Urug (Orc:2)
  17 deep elf knights
  A skeletal warrior (D:15)
  2 unseen horrors
  An ice devil (IceCv)
  A giant orange brain (D:15)
  A swamp dragon (Lair:6)
  7 sea snakes
  Erolcha (D:12)
  7 deep elf summoners
  2 ice statues (IceCv)
  Pikel (D:6)
  8 hill giants
  9 orc knights
  10 cyclopes
  6 deep elf conjurers
  3 orb spiders
  11 harpies
  A water nymph (Shoals:3)
  12 orc sorcerers
  A faun (shapeshifter) (D:15)
  7 ugly things
  A lindwurm (Lair:8)
  2 hornets (Spider:4)
  A faun (Shoals:4)
  8 griffons
  2 sixfirhies (Orc:4)
  8 manticores
  16 wolf spiders
  2 moths of wrath
  2 centaur zombies
  4 sirens
  A salamander (shapeshifter) (D:15)
  2 black mambas
  Joseph (Lair:1)
  A large abomination (Abyss:1)
  9 elephants
  A gargoyle (D:15)
  2 torpor snails
  A queen ant (Spider:5)
  A smoke demon (Elf:3)
  15 spiny frogs
  An efreet (D:13)
  An ancient zyme (Abyss:1)
  11 deep elf priests
  8 demonic crawlers
  9 trolls
  16 komodo dragons
  2 tengu conjurers
  2 small abominations (Abyss:1)
  26 jumping spiders
  13 blue devils (IceCv)
  30 merfolk
  A wind drake (Shoals:2)
  A hellwing (Abyss:1)
  A wind drake (shapeshifter) (D:13)
  3 fire drakes
  A raiju (shapeshifter) (D:15)
  Grinder (D:6)
  Prince Ribbit (D:4)
  6 ravens
  5 two-headed ogres
  13 blink frogs
  A boulder beetle (Spider:4)
  15 slime creatures
  3 basilisks
  5 snapping turtles
  16 tarantellas
  30 redbacks
  A shadow (D:14)
  7 water elementals
  2 wyverns
  27 deep elf magi
  24 trapdoor spiders
  3 wraiths (Orc:3)
  8 hippogriffs
  A steam dragon (D:14)
  Eustachio (D:4)
  34 yaks
  35 deep elf fighters
  3 fire elementals (Spider:4)
  A ynoxinul (Elf:3)
  A hungry ghost (D:15)
  7 wargs
  20 wolves
  A neqoxec (Orc:4)
  A vampire mosquito (D:14)
  16 porcupines
  A mottled dragon (D:15)
  11 water moccasins
  3 black bears (Lair:8)
  21 soldier ants (Spider:5)
  A necrophage (D:9)
  23 spiders
  A black bear (shapeshifter) (D:15)
  46 orc warriors
  7 orc zombies
  2 slaves (D:6)
  18 ogres
  13 ice beasts
  5 sky beasts
  3 phantoms
  8 centaurs
  A boring beetle (Spider:4)
  2 boring beetles (shapeshifter)
  Duvessa (D:7)
  The ghost of emiel the Chiller, an average HEIE (D:5)
  17 crocodiles
  2 gnoll sergeants (D:11)
  22 giant frogs
  A brain worm (D:15)
  2 big kobolds
  2 wyvern skeletons
  11 killer bees
  12 scorpions
  6 wights
  An electric eel (D:11)
  A goliath beetle (D:7)
  Dowan (D:7)
  2 quasits
  A giant frog zombie (D:11)
  10 crimson imps
  12 jellies
  Crazy Yiuf (D:3)
  40 orc priests
  13 hounds
  29 orc wizards
  A giant frog skeleton (D:9)
  3 centaur skeletons
  21 worker ants
  12 iguanas
  3 hell rats
  44 sheep
  Ijyb (D:4)
  A worker ant zombie (D:13)
  Robin (D:2)
  19 gnolls
  26 adders
  43 river rats
  4 giant mites (D:5)
  2 shadow imps
  3 white imps (IceCv)
  3 worms
  7 ufetubi
  An adder skeleton (D:7)
  6 giant geckos
  5 oozes (D:9)
  201 orcs
  A bat skeleton (D:6)
  6 giant cockroaches
  24 hobgoblins
  19 jackals
  10 quokkas
  3 ball pythons
  20 bats
  4 giant newts
  2 gnoll zombies (D:7)
  29 goblins
  A jackal skeleton (D:8)
  27 kobolds
  21 rats
  6 ballistomycetes (D:10)
  2 crawling corpses (Elf:2)
  6 fungi
  3 plants (Shoals:2)
  A tentacle (Shoals:3)
1649 creatures vanquished.

Vanquished Creatures (collateral kills)
  Saint Roka (Shoals:4)
  Mara (Spider:4)
  A deep elf blademaster (Elf:2)
  2 emperor scorpions (Spider:5)
  A deep elf sorcerer (Elf:1)
  A ghost moth (Spider:5)
  A balrug (Spider:4)
  2 cacodemons
  Gastronok (D:11)
  A frost giant (D:11)
  A deep elf annihilator (Elf:3)
  2 merfolk javelineers (Shoals:4)
  A green death (D:15)
  2 merfolk impalers (Shoals:4)
  A centaur warrior (D:14)
  2 hydras
  A merfolk aquamancer (Shoals:4)
  A death yak (Shoals:3)
  4 dancing weapons
  2 tengu warriors
  A skeletal warrior (D:15)
  An infernal demonspawn (Orc:4)
  6 deep elf knights
  9 hill giants
  A gelid demonspawn (Orc:4)
  A swamp dragon (Lair:6)
  3 deep elf summoners (Elf:1)
  A sea snake (Shoals:4)
  2 orc sorcerers
  4 deep elf conjurers
  4 wolf spiders
  A harpy (Shoals:4)
  11 orb spiders
  2 orc knights
  2 fauns (Shoals:4)
  9 cyclopes
  An ugly thing (D:13)
  3 water nymphs
  A griffon (Shoals:4)
  A manticore (Shoals:3)
  A moth of wrath (Spider:4)
  2 sirens (Shoals:4)
  A centaur zombie (D:13)
  An orange demon (Orc:4)
  A centaur skeleton (D:14)
  2 yaktaurs (D:13)
  A fire drake (Lair:1)
  A troll (D:12)
  2 demonic crawlers (Elf:1)
  5 jumping spiders
  4 deep elf priests
  Sonja (D:14)
  2 slime creatures (D:14)
  3 merfolk
  A snapping turtle (Shoals:4)
  3 ravens
  9 redbacks
  3 deep elf magi
  5 tarantellas
  A fire elemental (Spider:4)
  2 wraiths (Orc:3)
  6 trapdoor spiders (Spider:5)
  2 yaks (D:14)
  A vampire mosquito (D:14)
  7 deep elf fighters
  A mottled dragon (D:14)
  5 soldier ants
  A hell hound (Spider:4)
  9 orc warriors
  A warg (Orc:1)
  A swamp drake (Lair:6)
  3 orc zombies (Orc:4)
  6 spiders
  3 centaurs (D:12)
  2 ice beasts
  A brain worm (D:11)
  A giant frog zombie (D:11)
  A jelly (D:15)
  5 orc priests
  3 hell rats (Elf:1)
  4 worker ants
  4 orc wizards
  2 sheep (Shoals:4)
  3 river rats (Lair:1)
  2 white imps (IceCv)
  An adder (Lair:6)
  An ufetubus (IceCv)
  33 orcs
  3 goblins
  A plant (Shoals:4)
257 creatures vanquished.

Vanquished Creatures (others)
  2 Executioners
  4 balrugs
  A blizzard demon (Shoals:4)
  5 green deaths
  Josephine (Orc:3)
  An orange demon (IceCv)
  A hellwing (IceCv)
  A jumping spider (Spider:1)
  A polar bear (Elf:2)
  A wind drake (Elf:2)
  A slave (D:6)
  A mottled dragon (Elf:2)
  A lost soul (Elf:3)
  A boring beetle (Elf:2)
  3 wights (D:6)
  A giant frog skeleton (D:6)
  A worker ant (D:13)
  A hound zombie (D:10)
  A small abomination (Abyss:1)
  A white imp (IceCv)
  5 ufetubi (IceCv)
  3 orcs
  A giant spore (D:10)
  A rat (D:6)
  A fungus (Lair:7)
  2 plants
  6 starspawn tentacles (Abyss:1)
  22 starspawn tentacle segments (Abyss:1)
  7 tentacles (Shoals:3)
  258 tentacle segments (Shoals:3)
336 creatures vanquished.

Grand Total: 2242 creatures vanquished

Notes
Turn   | Place    | Note
--------------------------------------------------------------
     0 | D:1      | Shaaah, the Hill Orc Fighter, began the quest for the Orb.
     0 | D:1      | Reached XP level 1. HP: 19/19 MP: 1/1
     0 | D:1      | Noticed a jelly
     2 | D:1      | Found a runed door.
   219 | D:1      | Reached skill level 4 in Fighting
   219 | D:1      | Reached XP level 2. HP: 13/27 MP: 2/2
   528 | D:1      | Reached XP level 3. HP: 25/33 MP: 3/3
  1388 | D:2      | Noticed Robin
  1476 | D:2      | Killed Robin
  1476 | D:2      | Reached XP level 4. HP: 34/41 MP: 4/4
  1561 | D:2      | Found a deep blue altar of Sif Muna.
  2509 | D:3      | Reached XP level 5. HP: 47/47 MP: 5/5
  2919 | D:3      | Reached skill level 5 in Armour
  3014 | D:3      | Reached skill level 5 in Fighting
  3116 | D:3      | Noticed Crazy Yiuf
  3172 | D:3      | Paralysed by Crazy Yiuf for 2 turns
  3175 | D:3      | Killed Crazy Yiuf
  3175 | D:3      | Reached XP level 6. HP: 16/56 MP: 3/6
  4015 | D:4      | Found a sparkling altar of Nemelex Xobeh.
  4095 | D:4      | Found a shimmering altar of Xom.
  4402 | D:4      | Reached XP level 7. HP: 62/62 MP: 7/7
  4429 | D:4      | Reached skill level 5 in Maces & Flails
  4587 | D:4      | Found an ancient bone altar of Kikubaaqudgha.
  4588 | D:4      | Found a blossoming altar of Fedhas.
  4663 | D:4      | Noticed Prince Ribbit
  4696 | D:4      | Killed Prince Ribbit
  4696 | D:4      | Reached skill level 6 in Fighting
  4852 | D:4      | Found a shattered altar of Ashenzari.
  4913 | D:4      | Noticed Ijyb
  4925 | D:4      | Killed Ijyb
  4950 | D:4      | Found a deep blue altar of Sif Muna.
  5062 | D:4      | Found Guuquoto's Magic Scroll Shoppe.
  5201 | D:4      | Noticed Eustachio
  5222 | D:4      | Killed Eustachio
  5222 | D:4      | Reached XP level 8. HP: 61/71 MP: 8/8
  5331 | D:5      | Entered Level 5 of the Dungeon
  5370 | D:5      | Reached skill level 7 in Armour
  5457 | D:5      | Found a glowing drain.
  5568 | Sewer    | Entered a sewer
  5678 | Sewer    | Found a white marble altar of Elyvilon.
  5850 | D:5      | Found an ancient bone altar of Kikubaaqudgha.
  5886 | D:5      | Noticed emiel's ghost (average HEIE)
  5899 | D:5      | Killed emiel's ghost
  6056 | D:5      | Found a snail-covered altar of Cheibriados.
  6573 | D:5      | Reached skill level 8 in Maces & Flails
  7051 | D:4      | Bought a scroll of brand weapon for 200 gold pieces
  7172 | D:6      | Reached XP level 9. HP: 44/79 MP: 9/9
  7208 | D:6      | Noticed Pikel
  7255 | D:6      | Killed Pikel
  7255 | D:6      | Reached skill level 9 in Maces & Flails
  7547 | D:6      | Noticed Grinder
  7566 | D:6      | Killed Grinder
  7566 | D:6      | Reached skill level 1 in Bows
  7615 | D:6      | Got a slimy cloak
  7628 | D:6      | Identified the cursed -3 cloak of Infinity {-Tele rCorr Int+6} (You found it on level 6 of the Dungeon)
  7864 | D:6      | Found a staircase to the Ecumenical Temple.
  7869 | Temple   | Entered the Ecumenical Temple
  7977 | Temple   | Became a worshipper of Makhleb the Destroyer
  8881 | D:7      | Found a stormy altar of Qazlal.
  9112 | D:7      | Found an opulent altar of Gozag.
  9299 | D:7      | Reached skill level 10 in Maces & Flails
  9299 | D:7      | Reached XP level 10. HP: 90/90 MP: 10/10
  9359 | D:7      | Noticed Duvessa
  9359 | D:7      | Noticed Dowan
  9369 | D:7      | Killed Dowan
  9375 | D:7      | Killed Duvessa
  9429 | D:7      | Found a basalt altar of Yredelemnul.
 10259 | D:8      | Acquired Makhleb's first power
 10789 | D:8      | Found Ofamp's Antique Armour Boutique.
 10856 | D:8      | Found a sacrificial altar of Ru.
 11125 | D:9      | Acquired Makhleb's second power
 11370 | D:9      | Reached skill level 1 in Evocations
 11430 | D:9      | Found a shadowy altar of Dithmenos.
 11479 | D:9      | Reached skill level 1 in Invocations
 11590 | D:9      | Found a bloodstained altar of Trog.
 11655 | D:9      | Reached skill level 11 in Maces & Flails
 11762 | D:10     | Entered Level 10 of the Dungeon
 11769 | D:10     | Acquired Makhleb's third power
 12015 | D:10     | Found a staircase to the Orcish Mines.
 12090 | D:10     | Reached skill level 10 in Fighting
 12101 | D:10     | Reached XP level 11. HP: 77/99 MP: 18/18
 12354 | D:10     | Noticed a hill giant
 12363 | D:10     | Killed a hill giant
 12363 | D:10     | Reached skill level 10 in Armour
 12469 | D:10     | Noticed an ice statue
 12558 | D:10     | Acquired Makhleb's fourth power
 13008 | D:10     | Killed an unseen horror
 13008 | D:10     | Reached skill level 5 in Evocations
 13315 | D:11     | Found a frozen archway.
 13327 | D:11     | Noticed a hill giant
 13331 | D:11     | Reached skill level 12 in Maces & Flails
 13333 | D:11     | Noticed a hill giant
 13337 | D:11     | Noticed a hill giant
 13541 | D:10     | Killed a hill giant
 13546 | D:10     | Killed a hill giant
 13781 | D:11     | Noticed Gastronok
 13834 | D:10     | Killed a hill giant
 13971 | D:11     | Killed Gastronok
 13971 | D:11     | Reached skill level 5 in Invocations
 14020 | IceCv    | Entered an ice cave
 14098 | IceCv    | Noticed an ice statue
 14098 | IceCv    | Noticed an ice statue
 14119 | IceCv    | Killed an ice statue
 14365 | IceCv    | Killed an ice statue
 14365 | IceCv    | Reached XP level 12. HP: 110/110 MP: 21/21
 14791 | IceCv    | Reached skill level 13 in Maces & Flails
 15043 | IceCv    | Noticed an ice devil
 15066 | IceCv    | Killed an ice devil
 15154 | IceCv    | Identified Bez Its' Reference Book on the Voyage
 15275 | D:11     | Found a staircase to the Lair.
 15383 | Lair:1   | Entered Level 1 of the Lair of Beasts
 15499 | D:11     | Noticed Fannar
 15508 | D:11     | Killed Fannar
 15643 | D:11     | Noticed an orc knight
 15644 | D:11     | Acquired Makhleb's fifth power
 15652 | D:11     | Killed an orc knight
 15805 | D:11     | Noticed a hill giant
 15821 | D:11     | Killed a hill giant
 16002 | D:11     | Reached skill level 14 in Maces & Flails
 16077 | D:11     | Noticed a hill giant
 16077 | D:11     | Noticed a hill giant
 16077 | D:11     | Noticed a hill giant
 16077 | D:11     | Noticed a hill giant
 16077 | D:11     | Noticed a hill giant
 16078 | D:11     | Noticed an unseen horror
 16080 | D:11     | Killed a hill giant
 16083 | D:11     | Killed a hill giant
 16086 | D:11     | Killed a hill giant
 16088 | D:11     | Killed a hill giant
 16088 | D:11     | Reached XP level 13. HP: 119/119 MP: 21/23
 16091 | D:11     | Killed a hill giant
 16095 | D:11     | Killed an unseen horror
 16174 | D:11     | Noticed a hill giant
 16174 | D:11     | Noticed a hill giant
 16174 | D:11     | Noticed a hill giant
 16182 | D:11     | Killed a hill giant
 16185 | D:11     | Killed a hill giant
 16186 | D:11     | Killed a hill giant
 16216 | D:11     | Noticed a frost giant
 16216 | D:11     | Noticed a hill giant
 16216 | D:11     | Noticed a hill giant
 16216 | D:11     | Noticed a hill giant
 16218 | D:11     | Killed a hill giant
 16219 | D:11     | Killed a hill giant
 16221 | D:11     | Killed a hill giant
 16224 | D:11     | Killed a frost giant
 16259 | D:11     | Got a warped shortbow
 16288 | D:11     | Identified the +5 shortbow "Thuizuv" {flame, +Blink rF- MR++} (You found it on level 11 of the Dungeon)
 16299 | D:11     | Got a warped dagger
 16301 | D:11     | Got a steaming scimitar
 16302 | D:11     | Identified the -1 dagger of the Sea {flame, rC++} (You found it on level 11 of the Dungeon)
 16348 | D:11     | Got a polished ring mail
 16362 | D:11     | Identified the +0 ring mail "Kuvogifa" {+Blink rCorr Str-2 Dex-4 SInv} (You found it on level 11 of the Dungeon)
 16805 | Lair:1   | Noticed Joseph
 16815 | Lair:1   | Killed Joseph
 17067 | Lair:1   | Found a burning altar of Makhleb.
 17253 | Lair:1   | Reached skill level 15 in Maces & Flails
 17538 | Lair:2   | Noticed Erica
 17545 | Lair:2   | Killed Erica
 18805 | Lair:3   | Found a hole to the Spider Nest.
 19521 | Lair:4   | Got a twitching tin ring
 19523 | Lair:4   | Identified the ring "Nolaqoby" {rPois Int+2 SInv} (You found it on level 4 of the Lair of Beasts)
 19549 | Lair:4   | Reached XP level 14. HP: 132/132 MP: 25/25
 19727 | Lair:4   | Found a hole to the Spider Nest.
 19741 | Lair:4   | Reached skill level 16 in Maces & Flails
 19772 | Lair:4   | Got a sheer robe
 19783 | Lair:4   | Identified the cursed +0 robe of Indecent Exposure {rPois rF+ rCorr Int-4 Dex-3} (You found it on level 4 of the Lair of Beasts)
 20713 | Lair:5   | Found a staircase to the Shoals.
 20731 | Lair:5   | Reached skill level 15 in Fighting
 21169 | Lair:6   | Noticed Rupert
 21180 | Lair:6   | Killed Rupert
 21385 | Lair:6   | Noticed Snorg
 21396 | Lair:6   | Killed Snorg
 21559 | Lair:6   | Identified a scroll of acquirement
 21652 | Lair:6   | Reached skill level 17 in Maces & Flails
 21790 | Lair:6   | Reached XP level 15. HP: 136/141 MP: 27/27
 21950 | Lair:6   | Found a staircase to the Slime Pits.
 21951 | Lair:6   | Found a viscous altar of Jiyva.
 23480 | Lair:8   | Entered Level 8 of the Lair of Beasts
 24940 | Orc:1    | Entered Level 1 of the Orcish Mines
 24962 | Orc:1    | Noticed Miyamura's ghost (powerful MfIE)
 24967 | Orc:1    | Killed Miyamura's ghost
 24967 | Orc:1    | Reached skill level 5 in Bows
 25377 | Orc:1    | Found a roughly hewn altar of Beogh.
 26281 | Orc:2    | Found a roughly hewn altar of Beogh.
 26450 | Orc:2    | Noticed Urug
 26463 | Orc:2    | Killed Urug
 26629 | Orc:3    | Noticed Josephine
 26638 | Orc:3    | Killed Josephine
 27241 | Orc:4    | Entered Level 4 of the Orcish Mines
 27241 | Orc:4    | Found a staircase to the Elven Halls.
 27297 | Orc:4    | Found Xasehose's Distillery.
 27307 | Orc:4    | Found Liewin's General Store.
 27367 | Orc:4    | Bought a potion of invisibility for 120 gold pieces
 27367 | Orc:4    | Bought a potion of resistance for 150 gold pieces
 27439 | Orc:4    | Reached XP level 16. HP: 109/155 MP: 28/28
 27444 | Orc:4    | Paralysed by an orc sorcerer for 7 turns
 27561 | Orc:4    | Found Afopha's Book Boutique.
 27561 | Orc:4    | Found Gamusic's Antique Armour Shop.
 27561 | Orc:4    | Found a one-way gate leading to the halls of Pandemonium.
 27594 | Orc:4    | Bought a pair of embroidered boots for 148 gold pieces
 28314 | Orc:3    | Found a roughly hewn altar of Beogh.
 28989 | D:12     | Noticed Erolcha
 28994 | D:12     | Killed Erolcha
 30120 | D:13     | Found a gate to the Vaults.
 30196 | D:13     | Got a faintly glowing spear
 30753 | D:14     | Reached skill level 18 in Maces & Flails
 31112 | D:14     | Noticed Sonja
 31123 | D:14     | Killed Sonja
 31496 | D:15     | Entered Level 15 of the Dungeon
 31874 | D:15     | Found a staircase to the Depths.
 31980 | D:15     | Identified the +7 spear of Proximity {freeze, rPois rF+ Int+5 Dex-4} (You found it on level 13 of the Dungeon)
 32769 | Shoals:1 | Entered Level 1 of the Shoals
 32792 | Shoals:1 | Reached XP level 17. HP: 155/163 MP: 29/29
 32890 | Shoals:1 | Found Tifehe Rihagh's Distillery.
 32925 | Shoals:1 | Found Vacinn's Weapon Emporium.
 32947 | Shoals:1 | Bought a potion of poison for 13 gold pieces
 32950 | Shoals:1 | Found Dera's Antique Weapon Boutique.
 33006 | Shoals:1 | Found Fyddecef's General Store.
 33282 | Shoals:1 | Found Rusocuuxt's Weapon Boutique.
 34813 | Shoals:3 | Reached skill level 10 in Evocations
 35042 | Shoals:3 | Noticed Polyphemus
 35051 | Shoals:3 | Killed Polyphemus
 35068 | Shoals:3 | Reached skill level 19 in Maces & Flails
 35298 | Shoals:4 | Noticed Saint Roka
 35310 | Shoals:4 | Killed Saint Roka
 36110 | Spider:1 | Entered Level 1 of the Spider Nest
 36534 | Spider:1 | Reached XP level 18. HP: 155/174 MP: 31/31
 36795 | Spider:1 | Reached skill level 15 in Armour
 38012 | Spider:3 | Reached skill level 10 in Invocations
 38794 | Spider:4 | Noticed Azrael
 38798 | Spider:4 | Killed Azrael
 38970 | Spider:4 | Noticed Mara
 38971 | Spider:4 | Noticed Agnes
 38976 | Spider:4 | Gained mutation: Your spells are a little easier to cast, but a little less powerful. [a cacodemon]
 38981 | Spider:4 | Gained mutation: You are weak. (Str -2) [a cacodemon]
 38982 | Spider:4 | Killed Agnes
 39491 | Spider:4 | Killed Mara
 39491 | Spider:4 | Reached skill level 20 in Maces & Flails
 40076 | Spider:5 | Entered Level 5 of the Spider Nest
 40434 | Spider:5 | Noticed Norris
 40444 | Spider:5 | Killed Norris
 40964 | Spider:5 | Reached XP level 19. HP: 123/184 MP: 2/32
 41052 | Spider:5 | Got a gossamer rune of Zot
 41379 | Lair:1   | Upgraded the game from 0.16.1-29-g3e760ad to 0.16.1-30-g34a7ffa
 41807 | Orc:4    | Bought a shiny ring mail for 132 gold pieces
 41821 | Orc:4    | Bought a shiny ring mail for 132 gold pieces
 41835 | Orc:4    | Bought a pair of embroidered boots for 148 gold pieces
 41841 | Orc:4    | Identified a +0 pair of boots of running (You bought it in a shop on level 4 of the Orcish Mines)
 41842 | Orc:4    | Bought a glowing leather armour for 66 gold pieces
 41842 | Orc:4    | Bought an embroidered robe for 23 gold pieces
 41929 | Elf:1    | Entered Level 1 of the Elven Halls
 43206 | Elf:2    | Found Clepin's Distillery.
 43217 | Elf:2    | Bought a potion of heal wounds for 70 gold pieces
 43217 | Elf:2    | Bought a potion of heal wounds for 70 gold pieces
 43273 | Elf:2    | Found a runed gate.
 43274 | Elf:2    | Found a runed gate.
 43276 | Elf:2    | Found a runed gate.
 43463 | Elf:2    | Reached skill level 21 in Maces & Flails
 44257 | Elf:2    | Found a burning altar of Makhleb.
 44455 | Elf:3    | Entered Level 3 of the Elven Halls
 44798 | Elf:3    | Noticed Roxanne
 46063 | Elf:3    | Reached skill level 5 in Shields
 46291 | Elf:3    | Cast into the Abyss (a deep elf demonologist)
 46526 | Elf:3    | Escaped the Abyss
 46565 | Elf:3    | Reached XP level 20. HP: 191/194 MP: 33/33
 47122 | Elf:3    | Killed Roxanne
 47259 | Elf:3    | Got a shimmering great mace
 47303 | Elf:3    | Identified the +8 great mace of Mourning {holy, MP+9} (You took it off a deep elf mage on level 3 of the Elven Halls)
 47652 | Elf:3    | Got a scorched dagger
 47658 | Elf:3    | Identified the +4 dagger of Ixalua Throd {flame, -Cast Dex+3 SInv} (You found it on level 3 of the Elven Halls)
 47758 | Elf:3    | Killed from afar by a ghostly deep elf death mage

Action                   |  1- 3 |  4- 6 |  7- 9 | 10-12 | 13-15 | 16-18 | 19-21 || total
-------------------------+-------+-------+-------+-------+-------+-------+-------++-------
Melee: Flail             |   151 |   262 |   461 |   281 |       |       |    49 ||  1204
       Whip              |       |       |    23 |    60 |       |       |       ||    83
       Morningstar       |       |       |       |   406 |  1132 |  1439 |   418 ||  3395
       Mace              |       |       |       |       |       |       |    20 ||    20
       Eveningstar       |       |       |       |       |       |       |    45 ||    45
       Unarmed           |       |       |       |       |       |       |    24 ||    24
 Fire: Hunting sling     |       |    14 |    25 |       |       |       |       ||    39
       Shortbow          |       |       |    43 |       |       |    17 |       ||    60
Throw: Stone             |    40 |    39 |       |       |       |       |       ||    79
Invok: Minor Destruction |       |       |       |    47 |     2 |       |       ||    49
       Lesser Servant of |       |       |       |     7 |       |       |     1 ||     8
       Major Destruction |       |       |       |     8 |     2 |     3 |       ||    13
       Greater Servant o |       |       |       |     1 |    16 |    36 |    10 ||    63
 Abil: Evoke Berserk Rag |       |       |     1 |    16 |     5 |     1 |     4 ||    27
       Evoke Flight      |       |       |       |       |    11 |    42 |     2 ||    55
       Stop Flying       |       |       |       |       |       |     3 |       ||     3
Evoke: Wand              |       |       |       |     2 |       |    10 |     7 ||    19
       Deck              |       |       |       |       |     1 |     3 |     5 ||     9
       Lamp of fire      |       |       |       |       |       |       |     1 ||     1
  Use: Scroll            |     4 |       |    11 |     7 |    10 |    12 |    17 ||    61
       Potion            |       |     4 |     1 |     4 |     3 |     1 |     4 ||    17
 Stab: Invisible         |       |       |       |     1 |       |       |       ||     1
       Distracted        |       |       |       |       |     2 |     8 |     5 ||    15
       Confused          |       |       |       |       |       |     2 |     1 ||     3
       Held in net/web   |       |       |       |       |       |     2 |       ||     2
  Eat: Chunk             |     2 |     9 |     7 |    14 |    42 |    53 |    23 ||   150
       Pizza             |       |     1 |     1 |       |     1 |       |       ||     3
       Bread ration      |       |       |     2 |     5 |       |       |       ||     7
       Fruit             |       |       |       |     1 |     1 |     4 |     3 ||     9
